| TOP OF THE 1ST |
|
UCLA Bruins batting - Pitching for University of North Carolina at Chapel Hill Tar Heels : RHP Alberto Arellano
|
|
Pitching: RHP Alberto Arellano
|
|
|
Batting: RHB Benedikt Fleischmann
|
0-0: SINGLE (Groundball, 56D, EV 99.4 MPH)
|
|
Batting: RHB Hidesuke Yoshida
|
0-0: Ground out 5-3 (Groundball, 5S, EV 69.4 MPH) Benedikt Fleischmann to second
|
|
Batting: RHB Issac Konol
|
0-0: Foul Ball, location: 2F 0-1: Ball 1-1: Foul Ball, location: 2F 1-2: Strikes out looking
|
|
Batting: RHB Xavier Reeves
|
0-0: Called Strike 0-1: Foul Ball, location: 2F 0-2: Fly out, F9 (Line Drive, 9, EV 101.2 MPH)
|
| Top of the 1st over - 0 runs, 1 hit, 0 errors, 1 left on base; UCLA 0 - University of North Carolina at Chapel Hill 0 |
| BOTTOM OF THE 1ST |
|
University of North Carolina at Chapel Hill Tar Heels batting - Pitching for UCLA Bruins : RHP Nelson Araujo
|
|
Pitching: RHP Nelson Araujo
|
|
|
Batting: LHB Ron de Vos
|
0-0: Ball 1-0: Foul Ball, location: 2F 1-1: Ground out 3-1 (Groundball, 34, EV 81.9 MPH)
|
|
Batting: RHB Juan Mejia
|
0-0: Called Strike 0-1: Swinging Strike 0-2: Ball 1-2: Ball 2-2: Ball 3-2: Foul Ball, location: 2F 3-2: Base on Balls
|
|
Batting: RHB Jonathan Winkler
|
0-0: Fly out, F8 (Flyball, 8RXD, EV 107.5 MPH)
|
|
Batting: RHB Fernando Mejia
|
0-0: Called Strike 0-1: Fly out, F8 (Line Drive, 8RD, EV 83.8 MPH)
|
| Bottom of the 1st over - 0 runs, 0 hits, 0 errors, 1 left on base; UCLA 0 - University of North Carolina at Chapel Hill 0 |
| TOP OF THE 2ND |
|
UCLA Bruins batting - Pitching for University of North Carolina at Chapel Hill Tar Heels : RHP Alberto Arellano
|
|
Batting: LHB Freddy Monge
|
0-0: Called Strike 0-1: Ball 1-1: Swinging Strike 1-2: Ball 2-2: Strikes out swinging
|
|
Batting: RHB Angel Melendez
|
0-0: Fly out, F9 (Line Drive, 9, EV 91.9 MPH)
|
|
Batting: SHB Sean Munns
|
0-0: Ball 1-0: Called Strike 1-1: Fly out, F1 (Popup, P, EV 80.0 MPH)
|
| Top of the 2nd over - 0 runs, 0 hits, 0 errors, 0 left on base; UCLA 0 - University of North Carolina at Chapel Hill 0 |
| BOTTOM OF THE 2ND |
|
University of North Carolina at Chapel Hill Tar Heels batting - Pitching for UCLA Bruins : RHP Nelson Araujo
|
|
Batting: RHB Paul Holland
|
0-0: Ball 1-0: SOLO HOME RUN (Flyball, 7D, EV 100.0 MPH), Distance : 423 ft
|
|
Batting: SHB Ryan Marsh
|
0-0: Ball 1-0: Called Strike 1-1: Foul Ball, location: 2F 1-2: Ground out 4-3 (Groundball, 4, EV 81.2 MPH)
|
|
Batting: RHB Jeremy Rollins
|
0-0: Ball 1-0: Swinging Strike 1-1: Called Strike 1-2: Fly out, F9 (Flyball, 9LS, EV 89.4 MPH)
|
|
Batting: SHB Rob Haney
|
0-0: Fly out, F9 (Flyball, 89M, EV 91.2 MPH)
|
| Bottom of the 2nd over - 1 run, 1 hit, 0 errors, 0 left on base; UCLA 0 - University of North Carolina at Chapel Hill 1 |
| TOP OF THE 3RD |
|
UCLA Bruins batting - Pitching for University of North Carolina at Chapel Hill Tar Heels : RHP Alberto Arellano
|
|
Batting: LHB Mark Cummings
|
0-0: Ball 1-0: Called Strike 1-1: Foul Ball, location: 2F 1-2: Foul Ball, location: 2F 1-2: SINGLE (Line Drive, 9S, EV 101.9 MPH)
|
|
Batting: RHB Carlos Murillo
|
0-0: Ball 1-0: Foul Ball, location: 2F 1-1: Ball 2-1: Fielders Choice at 2nd, 4-6 (Groundball, 4D, EV 108.8 MPH)
|
|
Batting: RHB Benedikt Fleischmann
|
0-0: Foul Ball, location: 2F 0-1: Ball 1-1: Single, Error in OF, E7, batter to second base (Line Drive, 7LS, EV 110.0 MPH) Carlos Murillo to third
|
|
Batting: RHB Hidesuke Yoshida
|
0-0: Ball 1-0: Ball 2-0: SINGLE (Groundball, 4M, EV 98.8 MPH) (infield hit) Carlos Murillo scores Benedikt Fleischmann to third
|
|
Batting: RHB Issac Konol
|
0-0: Ball Hidesuke Yoshida steals 2nd base 1-0: Swinging Strike 1-1: Swinging Strike 1-2: DOUBLE (Line Drive, 89D, EV 112.5 MPH) Benedikt Fleischmann scores Hidesuke Yoshida scores
|
|
Batting: RHB Xavier Reeves
|
0-0: Ball Wild Pitch! Issac Konol to third 1-0: SINGLE (Line Drive, 78S, EV 105.6 MPH) Issac Konol scores
|
|
Batting: LHB Freddy Monge
|
0-0: Fly out, F4 (Popup, 4, EV 55.6 MPH)
|
|
Batting: RHB Angel Melendez
|
0-0: Called Strike 0-1: Foul Ball, location: 2F 0-2: Ground out 5-3 (Groundball, 56, EV 98.8 MPH)
|
| Top of the 3rd over - 4 runs, 5 hits, 1 error, 1 left on base; UCLA 4 - University of North Carolina at Chapel Hill 1 |
| BOTTOM OF THE 3RD |
|
University of North Carolina at Chapel Hill Tar Heels batting - Pitching for UCLA Bruins : RHP Nelson Araujo
|
|
Batting: LHB Dennis Jones
|
0-0: Called Strike 0-1: Foul Ball, location: 2F 0-2: Strikes out swinging
|
|
Batting: LHB Ron de Vos
|
0-0: Reached on error, E4 (Groundball, 4S, EV 79.4 MPH)
|
|
Batting: RHB Juan Mejia
|
0-0: Swinging Strike 0-1: Ground out 6-3 (Groundball, 6, EV 89.4 MPH) Ron de Vos to third
|
|
Batting: RHB Jonathan Winkler
|
0-0: Fly out, F7 (Flyball, 7, EV 95.6 MPH)
|
| Bottom of the 3rd over - 0 runs, 0 hits, 1 error, 1 left on base; UCLA 4 - University of North Carolina at Chapel Hill 1 |
| TOP OF THE 4TH |
|
UCLA Bruins batting - Pitching for University of North Carolina at Chapel Hill Tar Heels : RHP Alberto Arellano
|
|
Batting: SHB Sean Munns
|
0-0: Foul Ball, location: 2F 0-1: Ball 1-1: Foul Ball, location: 2F 1-2: Ball 2-2: Foul Ball, location: 2F 2-2: Ball 3-2: Foul Ball, location: 2F 3-2: Foul Ball, location: 2F 3-2: Foul Ball, location: 2F 3-2: SINGLE (Line Drive, 6MD, EV 96.2 MPH)
|
|
Batting: LHB Mark Cummings
|
0-0: Ball 1-0: Called Strike 1-1: Swinging Strike 1-2: Ball 2-2: Foul Ball, location: 2F 2-2: Strikes out swinging
|
|
Batting: RHB Carlos Murillo
|
0-0: Ball 1-0: Ball 2-0: SINGLE (Flyball, 7LS, EV 91.2 MPH) Sean Munns to second
|
|
Pitching: RHP Jason Kaelber
|
|
|
Pinch Hitting: LHB Jim Snell
|
0-0: Ball 1-0: Fly out, F9 (Flyball, 9S, EV 76.2 MPH)
|
|
Pinch Hitting: LHB Carlos Guadarrama
|
0-0: Called Strike 0-1: Ball 1-1: Called Strike 1-2: Ball 2-2: Strikes out swinging
|
| Top of the 4th over - 0 runs, 2 hits, 0 errors, 2 left on base; UCLA 4 - University of North Carolina at Chapel Hill 1 |
| BOTTOM OF THE 4TH |
|
University of North Carolina at Chapel Hill Tar Heels batting - Pitching for UCLA Bruins : RHP Nelson Araujo
|
|
Now in LF: Carlos Guadarrama
|
|
|
Now in CF: Mark Cummings
|
|
|
Now in RF: Bill Helmer
|
|
|
Batting: RHB Fernando Mejia
|
0-0: Called Strike 0-1: Ball 1-1: Called Strike 1-2: SOLO HOME RUN (Flyball, 8LXD, EV 106.9 MPH), Distance : 442 ft
|
|
Batting: RHB Paul Holland
|
0-0: Ball 1-0: Ball 2-0: SINGLE (Flyball, 5D, EV 85.6 MPH)
|
|
Batting: SHB Ryan Marsh
|
0-0: Called Strike 0-1: Foul Ball, location: 2F 0-2: Ball 1-2: Fly out, F8 (Flyball, 8RM, EV 97.5 MPH)
|
|
Batting: RHB Jeremy Rollins
|
0-0: Called Strike 0-1: Ball 1-1: Ball 2-1: Foul Ball, location: 2F 2-2: SINGLE (Line Drive, 4MD, EV 106.2 MPH) Paul Holland to second
|
|
Batting: SHB Rob Haney
|
0-0: Ball 1-0: Swinging Strike 1-1: Foul Ball, location: 2F 1-2: Fly out, F8 (Flyball, 8RD, EV 98.1 MPH)
|
|
Batting: LHB Dennis Jones
|
0-0: Swinging Strike 0-1: Ball 1-1: Called Strike 1-2: Ball 2-2: Ball 3-2: Base on Balls Paul Holland to third Jeremy Rollins to second
|
|
Batting: LHB Ron de Vos
|
0-0: Ball 1-0: Foul Ball, location: 2F 1-1: SINGLE (Line Drive, 7S, EV 108.1 MPH) Paul Holland scores Jeremy Rollins to third Dennis Jones to second Runner from 3rd tries for Home, SAFE, throw by LF to home
|
|
Pinch Hitting: RHB Danny Gallardo
|
0-0: Ball 1-0: Ball 2-0: Ball 3-0: Base on Balls Dennis Jones to third Ron de Vos to second
|
|
Pitching: LHP Joe Landgraff
|
|
|
Pinch Hitting: RHB Bill Atley
|
0-0: Called Strike 0-1: Ball 1-1: Called Strike 1-2: Ball 2-2: DOUBLE (Groundball, 3L, EV 95.6 MPH) Dennis Jones scores Ron de Vos scores Danny Gallardo to third Runner from 3rd tries for Home, SAFE, no throw by RF
|
|
Batting: RHB Fernando Mejia
|
0-0: Ball 1-0: Called Strike 1-1: Ball 2-1: Ground out 5-3 (Groundball, 5, EV 89.4 MPH)
|
| Bottom of the 4th over - 6 runs, 5 hits, 0 errors, 1 left on base; UCLA 4 - University of North Carolina at Chapel Hill 7 |
| TOP OF THE 5TH |
|
UCLA Bruins batting - Pitching for University of North Carolina at Chapel Hill Tar Heels : RHP Jason Kaelber
|
|
Now at C: Rowan Prince
|
|
|
Now at 1B: Brian Woods
|
|
|
Now at 2B: Brian Bell
|
|
|
Now at 3B: Danny Diaz
|
|
|
Now at SS: C.J. Fleet
|
|
|
Now in LF: Tom Auld
|
|
|
Now in RF: Jeff Parlo
|
|
|
Pinch Hitting: RHB Sergio Cervantes
|
0-0: Ball 1-0: SINGLE (Groundball, 6M, EV 102.5 MPH)
|
|
Pinch Hitting: RHB Juan Carrillo
|
0-0: Foul Ball, location: 2F 0-1: Ball 1-1: Fly out, F8 (Line Drive, 8RM, EV 98.1 MPH)
|
|
Batting: LHB Freddy Monge
|
0-0: Ball 1-0: Called Strike 1-1: Ball 2-1: Foul Ball, location: 2F 2-2: Ball 3-2: Fielders Choice at 2nd, 4-6 (Groundball, 4, EV 76.9 MPH)
|
|
Pinch Hitting: RHB Michael Alvarado
|
0-0: Called Strike 0-1: Ball 1-1: Ball 2-1: Ground out 5-3 (Groundball, 56S, EV 65.6 MPH)
|
| Top of the 5th over - 0 runs, 1 hit, 0 errors, 1 left on base; UCLA 4 - University of North Carolina at Chapel Hill 7 |
| BOTTOM OF THE 5TH |
|
University of North Carolina at Chapel Hill Tar Heels batting - Pitching for UCLA Bruins : LHP Joe Landgraff
|
|
Now at C: Alberto Aguilar
|
|
|
Now at 1B: Sergio Cervantes
|
|
|
Now at 2B: Michael Alvarado
|
|
|
Now at SS: Juan Carrillo
|
|
|
Batting: RHB Paul Holland
|
0-0: Called Strike 0-1: Ball 1-1: Called Strike 1-2: Ball 2-2: Foul Ball, location: 2F 2-2: Foul Ball, location: 2F 2-2: Foul Ball, location: 2F 2-2: Reached on error, E5 (Groundball, 56, EV 81.9 MPH)
|
|
Batting: SHB Tom Auld
|
0-0: Called Strike 0-1: Ball 1-1: Ball 2-1: Ball 3-1: Swinging Strike 3-2: Base on Balls
|
|
Batting: RHB Danny Diaz
|
0-0: Fly out, F6 (Line Drive, 56D, EV 67.5 MPH)
|
|
Batting: RHB Jeff Parlo
|
0-0: Called Strike 0-1: Foul Ball, location: 2F 0-2: Strikes out swinging
|
|
Batting: RHB Brian Bell
|
0-0: Ball Passed Ball! Paul Holland to third Tom Auld to second 1-0: Called Strike 1-1: Foul Ball, location: 2F 1-2: Strikes out swinging
|
| Bottom of the 5th over - 0 runs, 0 hits, 1 error, 2 left on base; UCLA 4 - University of North Carolina at Chapel Hill 7 |
| TOP OF THE 6TH |
|
UCLA Bruins batting - Pitching for University of North Carolina at Chapel Hill Tar Heels : RHP Jason Kaelber
|
|
Now in LF: Matt McGuire
|
|
|
Now in CF: Tom Auld
|
|
|
Batting: LHB Alberto Aguilar
|
0-0: Ground out 6-3 (Groundball, 6, EV 89.4 MPH)
|
|
Pinch Hitting: SHB Jason Pugh
|
0-0: Foul Ball, location: 2F 0-1: Ball 1-1: Ball 2-1: Ball 3-1: Base on Balls
|
|
Pinch Hitting: RHB Brian Stacey
|
0-0: Ball 1-0: Ball 2-0: Called Strike 2-1: SINGLE (Line Drive, 56, EV 96.2 MPH) Jason Pugh to second
|
|
Pitching: RHP Ricardo Roman
|
|
|
Batting: LHB Bill Helmer
|
0-0: Called Strike 0-1: Ball 1-1: Foul Ball, location: 2F 1-2: Ball 2-2: Strikes out swinging
|
|
Pinch Hitting: LHB Edwin Esparza
|
0-0: Foul Ball, location: 2F 0-1: Ball 1-1: Ball 2-1: Foul Ball, location: 2F 2-2: Ball 3-2: Foul Ball, location: 2F 3-2: Strikes out swinging
|
| Top of the 6th over - 0 runs, 1 hit, 0 errors, 2 left on base; UCLA 4 - University of North Carolina at Chapel Hill 7 |
| BOTTOM OF THE 6TH |
|
University of North Carolina at Chapel Hill Tar Heels batting - Pitching for UCLA Bruins : LHP Joe Landgraff
|
|
Now at 3B: Brian Stacey
|
|
|
Now in LF: Edwin Esparza
|
|
|
Now in CF: Bill Helmer
|
|
|
Now in RF: Jason Pugh
|
|
|
Batting: RHB Matt McGuire
|
0-0: Swinging Strike 0-1: Ball 1-1: Called Strike 1-2: Strikes out swinging
|
|
Batting: RHB Rowan Prince
|
0-0: Ground out 4-3 (Groundball, 34, EV 82.5 MPH)
|
|
Batting: LHB Brian Woods
|
0-0: SINGLE (Line Drive, 89S, EV 105.6 MPH)
|
|
Batting: RHB C.J. Fleet
|
0-0: Foul Ball, location: 2F 0-1: Ball 1-1: Ball 2-1: Foul Ball, location: 2F 2-2: Strikes out swinging
|
| Bottom of the 6th over - 0 runs, 1 hit, 0 errors, 1 left on base; UCLA 4 - University of North Carolina at Chapel Hill 7 |
| TOP OF THE 7TH |
|
UCLA Bruins batting - Pitching for University of North Carolina at Chapel Hill Tar Heels : RHP Ricardo Roman
|
|
Batting: RHB Sergio Cervantes
|
0-0: Ball 1-0: Called Strike 1-1: Ball 2-1: Called Strike 2-2: Ball 3-2: Strikes out swinging
|
|
Pinch Hitting: LHB Scott Mullett
|
0-0: Ball 1-0: Ball 2-0: Foul Ball, location: 2F 2-1: Foul Ball, location: 2F 2-2: Foul Ball, location: 2F 2-2: Foul Ball, location: 2F 2-2: Ball 3-2: Strikes out swinging
|
|
Batting: RHB Matt Martin
|
0-0: Ball 1-0: Ground out 5-3 (Groundball, 56, EV 80.0 MPH)
|
| Top of the 7th over - 0 runs, 0 hits, 0 errors, 0 left on base; UCLA 4 - University of North Carolina at Chapel Hill 7 |
| BOTTOM OF THE 7TH |
|
University of North Carolina at Chapel Hill Tar Heels batting - Pitching for UCLA Bruins : LHP Joe Landgraff
|
|
Pitching: RHP Quincy Bowen
|
|
|
Now at SS: Ken Hillman
|
|
|
Batting: LHB Hector Salazar
|
0-0: Called Strike 0-1: Ball 1-1: Ball 2-1: Ball 3-1: Base on Balls
|
|
Batting: SHB Tom Auld
|
0-0: Swinging Strike 0-1: Ball Wild Pitch! Hector Salazar to second 1-1: Ball Wild Pitch! Hector Salazar to third 2-1: Ball 3-1: Called Strike 3-2: Ground out 5-3 (Groundball, 56S, EV 68.1 MPH)
|
|
Batting: RHB Danny Diaz
|
0-0: Ball 1-0: Called Strike 1-1: Called Strike 1-2: Ball 2-2: Strikes out looking
|
|
Batting: RHB Jeff Parlo
|
0-0: Ball 1-0: Called Strike 1-1: Fly out, F3 (Popup, 3SF, EV 86.9 MPH)
|
| Bottom of the 7th over - 0 runs, 0 hits, 0 errors, 1 left on base; UCLA 4 - University of North Carolina at Chapel Hill 7 |
| TOP OF THE 8TH |
|
UCLA Bruins batting - Pitching for University of North Carolina at Chapel Hill Tar Heels : RHP Ricardo Roman
|
|
Pitching: RHP Gareth Valcourt
|
|
|
Batting: RHB Michael Alvarado
|
0-0: Called Strike 0-1: Foul Ball, location: 2F 0-2: Strikes out swinging
|
|
Batting: LHB Alberto Aguilar
|
0-0: Ball 1-0: Ball 2-0: Called Strike 2-1: Fly out, F7 (Flyball, 7D, EV 73.8 MPH)
|
|
Batting: SHB Jason Pugh
|
0-0: SINGLE (Groundball, 34D, EV 103.8 MPH) (infield hit)
|
|
Batting: RHB Brian Stacey
|
0-0: Swinging Strike 0-1: Called Strike 0-2: SINGLE (Groundball, 6MD, EV 97.5 MPH) Jason Pugh to second
|
|
Pinch Hitting: RHB Tai fat Louis
|
0-0: Ball 1-0: Fly out, F8 (Flyball, 8RM, EV 90.0 MPH)
|
| Top of the 8th over - 0 runs, 2 hits, 0 errors, 2 left on base; UCLA 4 - University of North Carolina at Chapel Hill 7 |
| BOTTOM OF THE 8TH |
|
University of North Carolina at Chapel Hill Tar Heels batting - Pitching for UCLA Bruins : RHP Quincy Bowen
|
|
Pitching: LHP Honor Munoz
|
|
|
Now in CF: Jamie Blankenship
|
|
|
Batting: RHB Brian Bell
|
0-0: SINGLE (Groundball, 6, EV 100.0 MPH)
|
|
Batting: RHB Matt McGuire
|
0-0: Foul Ball, location: 2F 0-1: Ball 1-1: Called Strike 1-2: Strikes out swinging
|
|
Batting: RHB Rowan Prince
|
0-0: Ball 1-0: Called Strike 1-1: Called Strike Brian Bell steals 2nd base 1-2: Ball 2-2: Foul Ball, location: 2F 2-2: Strikes out swinging
|
|
Batting: LHB Brian Woods
|
0-0: Called Strike 0-1: Ball 1-1: Swinging Strike 1-2: Foul Ball, location: 2F 1-2: Strikes out swinging
|
| Bottom of the 8th over - 0 runs, 1 hit, 0 errors, 1 left on base; UCLA 4 - University of North Carolina at Chapel Hill 7 |
| TOP OF THE 9TH |
|
UCLA Bruins batting - Pitching for University of North Carolina at Chapel Hill Tar Heels : RHP Gareth Valcourt
|
|
Pitching: RHP Raymilson La Arena
|
|
|
Pinch Hitting: RHB Roman Lauder
|
0-0: Called Strike 0-1: Foul Ball, location: 2F 0-2: Foul Ball, location: 2F 0-2: Ground out 6-3 (Groundball, 6, EV 84.4 MPH)
|
|
Pinch Hitting: RHB Hassan Thomas
|
0-0: Ball 1-0: Foul Ball, location: 2F 1-1: Foul Ball, location: 2F 1-2: Ball 2-2: Ball 3-2: Fly out, F8 (Flyball, 8RD, EV 93.8 MPH)
|
|
Batting: RHB Ken Hillman
|
0-0: Ball 1-0: Swinging Strike 1-1: Ball 2-1: Ball 3-1: Foul Ball, location: 2F 3-2: SINGLE (Groundball, 4MD, EV 103.1 MPH)
|
|
Batting: RHB Simon Sultzbach
|
0-0: Called Strike 0-1: Ball 1-1: Foul Ball, location: 2F 1-2: Foul Ball, location: 2F 1-2: Ball 2-2: Strikes out swinging
|
| Top of the 9th over - 0 runs, 1 hit, 0 errors, 1 left on base; UCLA 4 - University of North Carolina at Chapel Hill 7 |
|